 Dungeon Crawl Stone Soup version 0.28-a0-802-g09f76e8c00 (webtiles) character file.

Game seed: 12768209065677378255

43 croobank the Digger (level 3, -8/21 HPs)
             Began as an Octopode Earth Elementalist on Nov 7, 2021.
             Mangled by Terence (13 damage)
             ... on level 2 of the Dungeon.
             The game lasted 00:07:50 (1587 turns).

croobank the Digger (Octopode Earth Elementalist)   Turns: 1587, Time: 00:07:51

Health: -8/21      AC:  1    Str:  7    XL:     3   Next: 58%
Magic:  2/6        EV: 13    Int: 18    God:
Gold:   78         SH:  0    Dex: 12    Spells: 1/7 levels left

rFire   . . .      SeeInvis +   d - +2 flail (vorpal)
rCold   . . .      Faith    .   (no shield)
rNeg    . . .      Spirit   .   (helmet restricted)
rPois   .          Reflect  .   (no amulet)
rElec   .          Harm     .   h - ring of see invisible
rCorr   .          Rampage  .   (no ring)
Will    .....                   (no ring)
Stlth   +++.......              (no ring)
HPRegen 0.07/turn               (no ring)
MPRegen 0.10/turn               (no ring)
                                (no ring)
                                (no ring)

@: no status effects
A: almost no armour, amphibious, 8 rings, camouflage 1, gelatinous body 1,
(nimble swimmer 1), tentacles
a: no special abilities


You were on level 2 of the Dungeon.
You visited 1 branch of the dungeon, and saw 2 of its levels.

You collected 78 gold pieces.

Inventory:

Hand Weapons
 c - a +0 short sword
 d - a +2 vorpal flail (weapon)
 e - a +3 dagger
 f - a +0 quarterstaff
Missiles
 b - 31 stones
 j - 19 arrows
 l - 14 bolts
Jewellery
 h - a ring of see invisible (left tentacle)
Scrolls
 a - a scroll of enchant armour
 g - a scroll of fear
Potions
 i - 2 potions of magic {unknown}
 k - a potion of might {unknown}


   Skills:
 + Level 0.1 Short Blades
 + Level 2.2 Dodging
 + Level 3.0 Stealth
 + Level 0.1 Unarmed Combat
 + Level 2.5 Spellcasting
 + Level 1.0 Transmutations
 + Level 3.7 Earth Magic


You had one spell level left.
You knew the following spells:

 Your Spells              Type           Power      Damage    Failure   Level
a - Sandblast             Erth           30%        2d9       3%          1
b - Passwall              Tmut/Erth      8%         N/A       10%         2
c - Stone Arrow           Conj/Erth      18%        3d8       24%         3

Your spell library contained the following spells:

 Spells                   Type           Power      Damage    Failure   Level
 Petrify                  Tmut/Erth      10%        N/A       54%         4


Dungeon Overview and Level Annotations

Branches:
Dungeon (2/15)

Altars:

Annotations:
D:2 Terence


Innate Abilities, Weirdness & Mutations

You cannot wear most types of armour.
You are amphibious.
You can wear up to eight rings at the same time.
Your skin changes colour to match your surroundings (Stealth+).
Your rubbery body absorbs attacks. (AC +1, EV +1)
((You are camouflaged near water. (Stealth+)))
You have tentacles for arms and can constrict up to eight enemies at once.


Message History

Confirm with . or Enter, or press ? or * to list all spells.
Okay, then.
Terence shouts!
Casting: Sandblast (safe; 3% risk of failure)
Confirm with . or Enter, or press ? or * to list all spells.
You don't know that spell.
Aiming: Sandblast (safe; 3% risk of failure)
Press: ? - help, Q - select action, (/) - cycle Shift-Dir - straight line, f - Terence
Aim: Terence, wielding a +0 flail and wearing a +0 scale mail of poison resistance (82% to hit)
The blast of sand hits Terence but does no damage.
Terence misses you.
Aiming: Sandblast (safe; 3% risk of failure)
Press: ? - help, Q - select action, (/) - cycle Shift-Dir - straight line, f/p - Terence
Aim: Terence, wielding a +0 flail and wearing a +0 scale mail of poison resistance (82% to hit)
The blast of sand hits Terence.
Terence is lightly wounded.
Terence barely misses you.
Aiming: Sandblast (safe; 3% risk of failure)
Press: ? - help, Q - select action, (/) - cycle Shift-Dir - straight line, f/p - Terence
Aim: Terence, wielding a +0 flail and wearing a +0 scale mail of poison resistance (lightly wounded, 82% to hit)
The blast of sand hits Terence but does no damage.
Terence is lightly wounded.
Terence hits you with a +0 flail.
You barely miss Terence. You grab Terence.
Terence is lightly wounded.
You constrict Terence, but do no damage.
Terence hits you with a +0 flail. Terence hits you with a +0 flail!
* * * LOW HITPOINT WARNING * * *
You hit Terence.
Terence is moderately wounded.
You constrict Terence, but do no damage.
Terence misses you.
Aiming: Sandblast (safe; 3% risk of failure)
Press: ? - help, Q - select action, (/) - cycle Shift-Dir - straight line, f/p - Terence
Aim: Terence, wielding a +0 flail and wearing a +0 scale mail of poison resistance (moderately wounded, constricted by you, 100% to hit)
The blast of sand hits Terence!
Terence is severely wounded.
You constrict Terence. Terence hits you with a +0 flail!
Ouch! That really hurt!
You die...

####### #.....# #######
#####.....# .##...# #.........#
.##...# #@##......# .##...#
#@.#.)....### .##...#
...#.)......# .##...#
#...#......#.# .##...#
..#.#......#.# .##...# ...
.#...##.#.# .##...#####.....
##........#
..................)>#.##.########
#.....#####.. ..#####....##......


You could see Terence.

Vanquished Creatures
  A gnoll (D:1)
  A dart slug (D:1)
  4 ball pythons (D:1)
  3 endoplasms (D:1)
  A giant cockroach (D:1)
  3 goblins
  A jackal (D:1)
  8 kobolds
  2 quokkas
  A bat (D:2)
  A frilled lizard (D:2)
  2 rats (D:1)
28 creatures vanquished.

Notes
Turn   | Place    | Note
-------+----------+-------------------------------------------
     0 | D:1      | croobank the Octopode Earth Elementalist began the quest
                  | for the Orb.
     0 | D:1      | Reached XP level 1. HP: 11/11 MP: 3/3
   346 | D:1      | Found a faded altar of an unknown god.
   377 | D:1      | Reached XP level 2. HP: 17/17 MP: 1/5
   817 | D:1      | Reached XP level 3. HP: 16/21 MP: 4/6
   896 | D:1      | Learned a level 2 spell: Passwall
   900 | D:1      | Learned a level 3 spell: Stone Arrow
  1557 | D:2      | Noticed Terence
  1587 | D:2      | Mangled by Terence

Illustrated notes

Levels and vault maps discovered:
D:1:      wander_arrival_lonely_grave, layout_loops_ring,
          ebering_ecumenical_altar_sacrificial, minmay_tiny_reverse_x
D:2:      layout_basic, uniq_terence

Skill      XL: |  1  2 |
---------------+-------+-----
Stealth        | 3 |  3.0
Short Blades   | |  0.1
Dodging        | |  2.2
Unarmed Combat | |  0.1
Spellcasting   | |  2.5
Transmutations | |  1.0
Earth Magic    | |  3.7

Action                   || total
-------------------------++-------
Melee: Unarmed           ||    10
       Constrict         ||     6
       Short sword       ||     4
       Flail             ||    21
 Cast: Sandblast         ||    28
  Use: Scroll            ||     2
 Stab: Sleeping          ||     2
Armor: Skin              ||     1
Dodge: Dodged            ||    28

Table legend: (Time is in decaauts)
 A = Elapsed time spent in this place.
 B = Non-inter-level travel time spent in this place.
 C = Inter-level travel time spent in this place.
 D = Time resting spent in this place.
 E = Time spent auto-exploring this place.
 F = Levels seen in this place.
 G = Mean time per level.
                   A        B        C        D        E       F      G
               +--------+--------+--------+--------+--------+-----+--------+
         Total |   1594 |   1563 |     31 |     12 |   1206 |   2 |  797.0 |
       Dungeon |   1594 |   1563 |     31 |     12 |   1206 |   2 |  797.0 |
               +--------+--------+--------+--------+--------+-----+--------+

Top non-repeatable levels by time:
     D:1: 1361 daAuts
     D:2: 232 daAuts
